cohdb
Replays
Latest Replays
All Replays
Popular Replays
Top Player Replays
Match Explorer
How It Works
Community
CoH3 Stats
Reddit
Sign in to upload your games and track your stats! →
Sign in with Steam
Match 41161570
Unlisted
Match 41161570
Overview
Messages
Build Orders
End
Vickers Machine Gun Team
Construct Section Command Post
Selects Canadian Shock Battlegroup
Infantry Section
Dingo Light Scout Car
Grenade Package
Infantry Section
Construct Platoon Command Post
Selects Offensive Resupply
Selects Canadian Shock Section
Selects Incendiary Munitions
Humber Armored Car
6-pounder Anti-tank Gun Team
Unlock M3 Stuart Light Tanks
Selects Pyrotechnics
M3 Stuart Light Tank
Canadian Shock Section
CMP 15cwt Truck
Construct Company Command Post
Foot Guards Section
Selects Churchill Crocodile Heavy Tank
Churchill Crocodile Heavy Tank
Rageon
N1KO
Pera
Para_Dilshan
WNator
ErotikGerhardt
0
0
Comments
sign in to comment!
No comments posted yet!